 Seeded DCSS version 0.29-a0-1023-g6ae1a4a2c7 (webtiles) character file.

Game seed: 20220812 (custom seed)

6594 purpskrrrp the Covert (level 10, -27/63 HPs)
             Began as a Demonspawn Enchanter on Aug 12, 2022.
             Was a Believer of Qazlal.
             Annihilated by a titanic slime creature (90 damage)
             ... on level 10 of the Dungeon.
             The game lasted 00:44:01 (13984 turns).

purpskrrrp the Covert (Demonspawn Enchanter)       Turns: 13984, Time: 00:44:02

Health: -27/63     AC:  9    Str: 20    XL:     10   Next: 71%
Magic:  13/13      EV: 19    Int: 15    God:    Qazlal [**....]
Gold:   355        SH:  3    Dex: 23    Spells: 11/13 levels left

rFire   + . .      SeeInvis .   K - +7 short sword of Exchange {vorpal, rPois Str+8 Int-2 Stlth+}
rCold   . . .      Faith    .   (no shield)
rNeg    + . .      Spirit   .   y - +4 ring mail "Irraurom" {rF+ rN+ Str+3}
rPois   +          Reflect  .   (no helmet)
rElec   .          Harm     .   (cloak unavailable)
rCorr   +          Rampage  .   (no gloves)
Will    .....                   (no boots)
Stlth   +++++.....              w - amulet of the acrobat
HPRegen 0.20/turn               k - +6 ring of dexterity
MPRegen 0.26/turn               e - ring of resist corrosion

@: about to teleport
A: repulsion field 2, spiny 1, magic regeneration, weakness stinger 3
a: Renounce Religion, Upheaval


You were on level 10 of the Dungeon.
You worshipped Qazlal.
Qazlal was pleased with you.
You visited 2 branches of the dungeon, and saw 11 of its levels.
You also visited: Ossuary.

You collected 539 gold pieces.
You spent 184 gold pieces at shops.

Inventory:

Hand Weapons
 a - a +1 dagger
 i - a +2 short sword of speed
 o - a +4 rapier of electrocution
 p - the +6 dagger of the Coward {holy, rCorr Str+3}
   (You found it on level 3 of the Dungeon)

   It has been blessed by the Shining One to cause great damage to the undead
   and demons.
   Str:       It affects your strength (+3).
   rCorr:     It protects you from acid and corrosion.
 u - a +2 dagger of flaming
 E - the +9 mace of Valour {vorpal, Contam rC- Str+8}
   (You found it on level 7 of the Dungeon)

   It inflicts extra damage upon your enemies.
   Str:       It affects your strength (+8).
   rC:        It makes you vulnerable to cold.
   Contam:    It causes magical contamination when unequipped.
 K - the +7 short sword of Exchange (weapon) {vorpal, rPois Str+8 Int-2 Stlth+}
   (You bought it in a shop on level 8 of the Dungeon)

   It inflicts extra damage upon your enemies.
   Str:       It affects your strength (+8).
   Int:       It affects your intelligence (-2).
   rPois:     It protects you from poison.
   Stlth:     It makes you more stealthy.
Missiles
 v - 10 poisoned darts
 A - 6 boomerangs
 M - a throwing net
Armour
 b - a +2 robe
 y - the +4 ring mail "Irraurom" (worn) {rF+ rN+ Str+3}
   (You found it on level 7 of the Dungeon)

   Str:       It affects your strength (+3).
   rF:        It protects you from fire.
   rN:        It protects you from negative energy.
Jewellery
 e - a ring of resist corrosion (right hand)
 g - a ring of flight
 k - a +6 ring of dexterity (left hand)
 w - an amulet of the acrobat (around neck)
 J - an amulet of faith
Wands
 c - a wand of mindburst (18)
 n - a wand of paralysis (12)
 C - a wand of flame (37)
 L - a wand of roots (3)
Scrolls
 d - 6 scrolls of identify
 f - a scroll of torment
 m - 3 scrolls of poison
 t - 6 scrolls of noise
 B - 3 scrolls of amnesia
 H - a scroll of enchant armour
 I - 5 scrolls of teleportation
Potions
 h - 4 potions of lignification {unknown}
 j - 6 potions of curing
 l - 8 potions of attraction
 q - 3 potions of mutation {unknown}
 r - a potion of brilliance {unknown}
 s - 2 potions of berserk rage {unknown}
 x - 2 potions of magic {unknown}
 z - a potion of resistance {unknown}
 D - 3 potions of heal wounds {unknown}
 F - a potion of cancellation {unknown}
 G - 3 potions of degeneration {unknown}


   Skills:
 + Level 7.5 Short Blades
 + Level 7.7 Dodging
 * Level 11.9 Stealth
 - Level 2.0 Spellcasting
 - Level 3.0 Hexes
 + Level 1.5 Invocations


You had 11 spell levels left.
You knew the following spells:

 Your Spells              Type           Power      Damage    Failure   Level
a - Ensorcelled Hibernat  Hex/Ice        12%        N/A       30%         2

Your spell library contained the following spells:

 Spells                   Type           Power      Damage    Failure   Level
 Confusing Touch          Hex            10%        N/A       32%         3
 Tukima's Dance           Hex            10%        N/A       32%         3
 Dazzling Flash           Conj/Hex       12%        N/A       52%         3
 Ignite Poison            Fire/Tmut/Pois 1%         N/A       75%         3
 Mephitic Cloud           Conj/Pois/Air  1%         N/A       75%         3
 Leda's Liquefaction      Hex/Erth       3%         N/A       90%         4
 Hailstorm                Conj/Ice       1%         3d3       98%         4
 Ice Form                 Ice/Tmut       1%         N/A       98%         4
 Silence                  Hex/Air        3%         N/A       99%         5
 Agony                    Necr           1%         N/A       100%        5
 Freezing Cloud           Conj/Ice/Air   0%         6-21      100%        5
 Lee's Rapid Deconstruct  Erth           0%         3d5*      100%        5
 Conjure Ball Lightning   Conj/Air       0%         3x3d6     100%        6
 Simulacrum               Ice/Necr       0%         N/A       100%        6
 Statue Form              Tmut/Erth      0%         N/A       100%        6
 Discord                  Hex            5%         N/A       100%        8
 Disjunction              Tloc           0%         N/A       100%        8


Dungeon Overview and Level Annotations

Branches:
Dungeon (10/15)            Temple (1/1) D:7            Lair (0/5) D:8
Ossuary (visited)
    Orc: D:9-12

Altars:
Ashenzari
Cheibriados
Dithmenos
Fedhas
Gozag
Hepliaklqana
Kikubaaqudgha
Makhleb
Nemelex Xobeh
Okawaru
Qazlal
Ru
Sif Muna
Trog
Uskayaw
Vehumet
Wu Jian
Xom
Yredelemnul

Shops:
D:2 (   D:7 (   D:8 (


Innate Abilities, Weirdness & Mutations

You are surrounded by a moderate repulsion field. (EV +3)
You are partially covered in sharp spines.
You regenerate magic rapidly.
You have a sharp stinger which inflicts weakening toxins.


Message History

a +0 dagger of speed; a +0 leather armour; an orc corpse
Items here: )) [[ †.
You now have 355 gold pieces (gained 18).
t - 6 scrolls of noise (gained 1)
x - 2 green potions (gained 1)
You open the door.
There is an open door here.
j - 6 potions of curing (gained 2)
You open the door.
There is an open door here.
A slime creature comes into view.
Found an escape hatch in the floor.
The slime creature quivers.
A slime creature comes into view. x2
A slime creature comes into view.
The slime creature quivers. x2
A slime creature comes into view.
Two slime creatures merge to form a large slime creature.
The slime creature quivers.
You puncture the large slime creature!
The large slime creature is lightly wounded.
You puncture the large slime creature!
The large slime creature is moderately wounded.
A slime creature comes into view.
You puncture the large slime creature!
The large slime creature is moderately wounded.
Two slime creatures merge to form a very large slime creature.
Two slime creatures merge to form an enormous slime creature.
You hit the enormous slime creature.
The enormous slime creature is lightly wounded.
Two slime creatures merge to form a titanic slime creature.
The titanic slime creature attacks as you move away!
The titanic slime creature misses you.
Okay, then.
As you read the scroll of teleportation, it crumbles to dust.
You feel strangely unstable.
The titanic slime creature is struck by your spines.
The titanic slime creature hits you!!!!
Ouch! That really hurt!
You die...

.......##........
###.#'###........
..#.....#########
..#.....##### #
..#.....#...# .#
........#...# ..#
#.##...##...# ...##
#.##...##...#########..>...
#+###...+...'...@JJ........
.......##...############.#.
.......#####...........#
.............#########.#
........##############.#
#+###..................#
#.......################
.).............#
)....)..#.####.#


You could see a titanic slime creature and a slime creature.

Vanquished Creatures
  A two-headed ogre (D:9)
  An unseen horror (D:9)
  Sigmund (D:2)
  3 yaks (D:10)
  3 wyverns (D:8)
  Eustachio (D:4)
  A steam dragon (D:9)
  2 water moccasins
  2 ice beasts
  2 orc warriors
  4 sky beasts
  3 black bears
  A centaur (D:9)
  An ogre (D:4)
  A phantom (D:4)
  A kobold brigand (D:8)
  4 bullfrogs
  4 necrophages
  14 scorpions
  6 wights
  4 crimson imps (D:3)
  2 centaur zombies (Ossuary)
  2 jellies
  4 orc priests
  2 hounds (D:5)
  6 human zombies (Ossuary)
  A gnoll bouda (D:6)
  2 iguanas
  4 scorpion zombies (Ossuary)
  Natasha (thrice) (D:4)
  6 orc wizards
  3 mummies (Ossuary)
  4 gnolls (D:6)
  10 adders
  3 shadow imps
  2 white imps
  5 worms
  2 dart slugs
  21 orcs
  8 endoplasms
  4 giant cockroaches
  5 goblins
  6 hobgoblins
  4 jackals (D:4)
  3 quokkas
  3 ball pythons
  4 bats
  6 frilled lizards
  2 gnoll zombies (Ossuary)
  3 hobgoblin zombies (Ossuary)
  12 kobolds
  A kobold zombie (Ossuary)
  An orc zombie (Ossuary)
  11 rats
215 creatures vanquished.

Vanquished Creatures (others)
  15 plants
  5 toadstools (D:7)
20 creatures vanquished.

Grand Total: 235 creatures vanquished

Notes
Turn   | Place    | Note
-------+----------+-------------------------------------------
     0 | D:1      | purpskrrrp the Demonspawn Enchanter began the quest for the
                  | Orb.
     0 | D:1      | Reached XP level 1. HP: 13/13 MP: 3/3
   103 | D:1      | Reached skill level 1 in Short Blades
   218 | D:1      | Reached skill level 3 in Stealth
   264 | D:1      | Gained mutation: You have a small tail. [demonic ancestry]
   264 | D:1      | Reached XP level 2. HP: 11/19 MP: 5/5
   686 | D:1      | Found a faded altar of an unknown god.
  1120 | D:2      | Gained mutation: You have a tail ending in a sharp stinger.
                  | [demonic ancestry]
  1120 | D:2      | Reached XP level 3. HP: 22/24 MP: 6/6
  1693 | D:2      | Found Akkuez's Weapon Emporium.
  1708 | D:2      | Learned a level 2 spell: Ensorcelled Hibernation
  2029 | D:3      | HP: 1/24 [worm (1)]
  2048 | D:3      | Gained mutation: You have a sharp stinger which inflicts
                  | weakening toxins. [demonic ancestry]
  2048 | D:3      | Reached XP level 4. HP: 3/30 MP: 2/7
  2336 | D:3      | Found a shimmering altar of Xom.
  2364 | D:3      | Identified the +6 dagger of the Coward {holy, rCorr Str+3}
  2555 | D:3      | Reached skill level 4 in Stealth
  2747 | D:2      | Noticed Sigmund
  2760 | D:2      | Killed Sigmund
  2761 | D:2      | Gained mutation: You are surrounded by a mild repulsion
                  | field. (EV +2) [demonic ancestry]
  2761 | D:2      | Reached XP level 5. HP: 7/35 MP: 5/8
  3146 | D:2      | Found a shimmering altar of Xom.
  3781 | D:3      | Reached skill level 5 in Stealth
  3781 | D:3      | Reached XP level 6. HP: 36/41 MP: 9/9
  4184 | D:4      | Noticed Eustachio
  4205 | D:4      | Killed Eustachio
  4206 | D:4      | Reached XP level 7. HP: 37/46 MP: 6/10
  4370 | D:4      | Reached skill level 6 in Stealth
  4437 | D:4      | Found a radiant altar of Vehumet.
  4468 | D:4      | Noticed Natasha
  4472 | D:4      | Killed Natasha
  4604 | D:4      | Noticed Natasha
  4609 | D:4      | Killed Natasha
  4614 | D:4      | Noticed Natasha
  4624 | D:4      | Killed Natasha
  4837 | D:4      | Reached skill level 7 in Stealth
  5574 | D:5      | Entered Level 5 of the Dungeon
  5641 | D:5      | Gained mutation: You are partially covered in sharp spines.
                  | [demonic ancestry]
  5641 | D:5      | Reached XP level 8. HP: 52/52 MP: 11/11
  6657 | D:5      | Found a stormy altar of Qazlal.
  6667 | D:5      | Became a worshipper of Qazlal Stormbringer
  6823 | D:6      | Reached skill level 5 in Dodging
  7049 | D:6      | Reached skill level 8 in Stealth
  7293 | D:6      | Reached skill level 5 in Short Blades
  7858 | D:6      | Gained mutation: You are surrounded by a moderate repulsion
                  | field. (EV +3) [demonic ancestry]
  7858 | D:6      | Reached XP level 9. HP: 19/57 MP: 12/12
  8416 | D:7      | Reached skill level 9 in Stealth
  8495 | D:7      | Found a sand-covered staircase.
  8502 | D:7      | Reached * piety under Qazlal
  8506 | Ossuary  | Entered an ossuary
  9050 | Ossuary  | Reached skill level 10 in Stealth
  9057 | Ossuary  | Reached ** piety under Qazlal
 10042 | D:7      | Identified the +4 ring mail "Irraurom" {rF+ rN+ Str+3}
 10086 | D:7      | Identified the +9 mace of Valour {vorpal, Contam rC- Str+8}
 10173 | D:7      | Found Vutiywke's Weapon Boutique.
 10201 | D:7      | Found a burning altar of Makhleb.
 10201 | D:7      | Found a sparkling altar of Nemelex Xobeh.
 10287 | D:7      | Found a staircase to the Ecumenical Temple.
 10496 | D:7      | Gained mutation: You regenerate magic rapidly. [demonic
                  | ancestry]
 10496 | D:7      | Reached XP level 10. HP: 25/63 MP: 13/13
 11044 | Temple   | Entered the Ecumenical Temple
 11315 | D:8      | Found a shadowy altar of Dithmenos.
 11698 | D:8      | Found a blossoming altar of Fedhas.
 11699 | D:8      | Found an ancient bone altar of Kikubaaqudgha.
 11733 | D:8      | Reached skill level 11 in Stealth
 12303 | D:8      | Found Vosuk's Antique Weapon Shop.
 12309 | D:8      | Bought a pitted short sword for 184 gold pieces
 12309 | D:8      | Identified the +7 short sword of Exchange {vorpal, rPois
                  | Str+8 Int-2 Stlth+} (You bought it in a shop on level 8 of
                  | the Dungeon)
 12345 | D:8      | Found a staircase to the Lair.
 13357 | D:9      | Noticed a two-headed ogre
 13370 | D:9      | Killed a two-headed ogre
 13771 | D:10     | Entered Level 10 of the Dungeon
 13794 | D:10     | Reached skill level 1 in Invocations
 13984 | D:10     | Annihilated by a titanic slime creature

Illustrated notes

Levels and vault maps discovered:
D:1:      spicycebolla_arrival_xxxplode, layout_basic,
          dilly_ecumenical_altar_fadedgnrine
D:2:      layout_basic, serial_shops, nicolae_shop_bloodbath_and_beyond,
          basic_altar, uniq_sigmund
D:3:      layout_basic, led_xom_imps, serial_bayou_pond_c
D:4:      layout_loops_ring, vehumet_crystals, uniq_eustachio, uniq_natasha
D:5:      layout_cave_pods, nicolae_qazlal_eye_of_the_storm
D:6:      layout_layer_cave
D:7:      layout_basic, gammafunk_temple_overflow_wave,
          minmay_temple_entry_waves, nicolae_ossuary_entry_monument,
          serial_shops, shop, grunt_ministairs_7, minmay_gold_behind_fungi
D:8:      layout_basic, grunt_temple_overflow_growth_and_decay,
          nicolae_dithmenos_shadow_blocks, serial_shops, kennysheep_little_box
D:9:      layout_grid_maze
D:10:     layout_basic, chequers_serial_rivers_micro_c
Temple:   nicolae_temple_great_sept

Skill      XL: |  1  2  3  4  5  6  7  8  9 10 |
---------------+-------------------------------+-----
Short Blades   | 1 2 3 4 5 6 7 |  7.5
Stealth        | 3 4 5 7 8 10 11 | 11.9
Dodging        | 2 3 4 5 6 7 |  7.7
Invocations    | 1 |  1.5
Spellcasting   | |  2.0
Hexes          | |  3.0

Action                   |  1- 3 |  4- 6 |  7- 9 | 10-12 || total
-------------------------+-------+-------+-------+-------++-------
Melee: Dagger            |    45 |       |       |       ||    45
       Short sword       |    83 |    73 |    17 |    60 ||   233
       Tailslap          |    10 |    11 |    51 |    16 ||    88
       Punch             |     1 |     3 |     4 |     1 ||     9
       Rapier            |       |       |   304 |    57 ||   361
 Cast: Ensorcelled Hiber |     1 |     6 |       |       ||     7
  Use: Scroll            |       |     5 |    17 |     1 ||    23
       Potion            |       |     1 |     4 |       ||     5
 Stab: Sleeping          |     8 |    11 |    17 |       ||    36
       Distracted        |     1 |       |     4 |       ||     5
       Invisible         |       |     3 |       |       ||     3
Armor: Robe              |    18 |     9 |    40 |     4 ||    71
       Ring mail         |       |       |       |     6 ||     6
Dodge: Dodged            |    53 |    45 |   231 |    81 ||   410
Block: Other             |       |       |    11 |     8 ||    19

Table legend: (Time is in decaauts)
 A = Elapsed time spent in this place.
 B = Non-inter-level travel time spent in this place.
 C = Inter-level travel time spent in this place.
 D = Time resting spent in this place.
 E = Time spent auto-exploring this place.
 F = Levels seen in this place.
 G = Mean time per level.
                   A        B        C        D        E       F      G
               +--------+--------+--------+--------+--------+-----+--------+
         Total |  13874 |  12779 |   1095 |   3573 |   7192 |  12 | 1156.2 |
       Dungeon |  12525 |  11430 |   1095 |   2789 |   6977 |  10 | 1252.5 |
        Temple |     95 |     95 |      0 |      0 |     63 |   1 |   95.0 |
       Ossuary |   1253 |   1253 |      0 |    784 |    152 |   1 | 1253.0 |
               +--------+--------+--------+--------+--------+-----+--------+

Top non-repeatable levels by time:
     D:3: 1786 daAuts
     D:6: 1613 daAuts
     D:4: 1410 daAuts
     D:7: 1386 daAuts
     D:2: 1320 daAuts
     D:9: 1315 daAuts
     D:8: 1278 daAuts
 Ossuary: 1253 daAuts
     D:5: 1216 daAuts
     D:1: 993 daAuts
    D:10: 202 daAuts
  Temple: 95 daAuts
